Map: Echo LE (Void)

Players

UnDieAble - Winner!

  • Race: Zerg Zerg

Bop

  • Race: Terran Terran

VOD

Have the link to the VOD?

Description

Time

  • Played on: May 3, 2015, 7:06 a.m.
  • Length: 4:54
Show
View Real Time Build Order
Export as new Build Order

UnDieAble Zerg - Winner!

Build Orders: Pool First 

Get SALT Encoding   

  12  0:00  Drone  
  13  0:08  Drone  
  14  0:24  Spawning Pool  
  13  0:28  Drone  
  13  0:31  Extractor  
  13  0:34  Drone  
  14  0:42  Overlord  
  14  1:00  Drone x2  
  14  1:01  Drone  
  17  1:10  Queen  
  19  1:13  Drone  
  20  1:30  Drone  
  21  1:34  Roach Warren  
  20  1:42  Drone  
  21  1:48  Extractor  
  21  1:52  Drone  
  21  1:54  Overlord  
  21  2:00  Burrow  
  21  2:07  Overlord  
  22  2:20  Roach x2  
  22  2:21  Roach x2  
  30  2:33  Roach x2  
  34  2:40  Overlord  
  34  2:51  Roach x2  
  38  3:06  Hatchery  
  37  3:14  Overlord x2  
  37  3:18  Drone  
  38  3:39  Drone x4  
  42  3:43  Extractor  
  42  3:45  Roach x2  
  42  3:48  Roach x4  
  41  3:49  Lair  
  41  3:51  Drone  
  42  4:17  Roach x4  
  42  4:26  Roach  
  42  4:27  Roach x4  
  52  4:31  Roach  
  52  4:34  Roach x2  
Show
View Real Time Build Order
Export as new Build Order

Bop Terran 

Build Orders: Command Center First (CC) 

Get SALT Encoding   

  12  0:01  SCV  
  13  0:13  SCV  
  14  0:18  Supply Depot  
  14  0:25  SCV  
  15  0:40  SCV  
  16  0:55  Command Center  
  16  0:59  SCV  
  17  1:10  Barracks  
  17  1:13  SCV  
  18  1:19  Refinery  
  19  1:25  SCV  
  19  1:37  SCV  
  20  1:40  Barracks  
  20  1:49  SCV  
  21  2:02  Marine  
  21  2:03  Orbital Command  
  21  2:08  Orbital Command  
  22  2:21  Bunker, Marine  
  23  2:28  Marine  
  23  2:29  SCV  
  25  2:39  Factory, Marine  
  25  2:42  SCV  
  27  2:47  Marine  
  27  2:50  SCV  
  29  2:56  Refinery  
  29  3:02  Marine  
  29  3:04  SCV x2  
  32  3:14  Supply Depot  
  32  3:15  Supply Depot  
  33  3:20  SCV x2  
  33  3:22  Factory Tech Lab, Starport  
  34  3:32  SCV x2  
  34  3:34  Barracks Reactor  
  36  3:36  Barracks Tech Lab  
  36  3:37  Barracks  
  36  3:44  SCV  
  36  3:47  SCV  
  38  3:54  Command Center, Siege Tank  
  41  3:56  SCV  
  42  4:04  Supply Depot, Marine  
  42  4:05  Supply Depot  
  34  4:20  Marine  
  34  4:22  Marine  
Tags
 
Add a new tag
Caveats
  • Supply blocks, unpowered buildings, or Contaminate may cause inaccurate times.
  • Supply counts are checked every 10 seconds.